 Dungeon Crawl Stone Soup version 0.18-a0-1799-g6250cb2 (webtiles) character file.

5499 Chiseanne the Fighter (level 10, -10/107 HPs)
             Began as a Troll Monk on Apr 23, 2016.
             Was an Elder of the Shining One.
             Mangled by a catoblepas (25 damage)
             ... on level 9 of the Dungeon.
             The game lasted 00:22:41 (7357 turns).

Chiseanne the Fighter (Troll Monk)                  Turns: 7357, Time: 00:22:41

Health: -10/107    AC: 10    Str: 21    XL:     10   Next: 42%
Magic:  6/11       EV: 15    Int:  6    God:    the Shining One [****..]
Gold:   430        SH:  0    Dex: 15    Spells: 0 memorised, 9 levels left

rFire  . . .     SeeInvis +       - Unarmed
rCold  . . .     Gourm    +     x - +1 steam dragon armour
rNeg   + + .     Faith    +     (no shield)
rPois  .         Spirit   .     E - +0 hat
rElec  .         Dismiss  .     H - +0 cloak
rCorr  +         Reflect  .     (gloves unavailable)
SustAt .         Harm     .     (boots unavailable)
MR     .....                    v - amulet of faith
Stlth  +.........               I - ring of see invisible
                                C - ring of resist corrosion

@: glowing, not resistant to hostile enchantments, very unstealthy
A: unfitting armour, claws 3, fast metabolism 3, gourmand, regeneration 2,
shaggy fur 1, tough skin 2
a: Divine Shield, Cleansing Flame, Renounce Religion


You were on level 9 of the Dungeon.
You worshipped the Shining One.
The Shining One was greatly pleased with you.
You were completely stuffed.

You visited 2 branches of the dungeon, and saw 10 of its levels.
You also visited: Sewer.

You collected 430 gold pieces.

Inventory:

Hand Weapons
 a - a +6 antimagic flail
 s - a +1 flail of protection
 y - a +0 giant spiked club
Missiles
 c - 340 stones
 e - 141 bolts
 k - 66 sling bullets
 t - 4 javelins (quivered)
 B - 80 arrows
 D - 5 tomahawks
 G - a throwing net {!*}
Armour
 x - a +1 steam dragon armour (worn)
 E - a +0 hat (worn)
 H - a +0 cloak (worn)
Jewellery
 v - an amulet of faith (around neck)
 C - a ring of resist corrosion (left claw)
 I - a ring of see invisible (right claw)
Wands
 A - a wand of enslavement (8/24)
 M - a wand of enslavement (17/24)
Scrolls
 h - a scroll of teleportation
 i - 2 scrolls of fog
 m - 2 scrolls of remove curse
 J - a scroll of fear
Potions
 g - 3 potions of agility
 l - 3 potions of degeneration {unknown}
 n - 7 potions of curing
 o - 6 potions of heal wounds
 r - 4 potions of flight
 u - 3 potions of might {unknown}
 w - a potion of cancellation {unknown}
 z - 2 potions of brilliance {unknown}
 F - 2 potions of invisibility {unknown}
Comestibles
 b - 8 bread rations
 d - 8 meat rations
 f - 3 fruits
 j - 2 slices of pizza
 p - 8 beef jerkies
 K - a royal jelly
 L - 8 chunks of flesh


   Skills:
 * Level 9.2 Fighting
 - Level 3.0 Throwing
 * Level 9.2 Dodging
 - Level 1.1 Stealth
 - Level 4.0 Unarmed Combat
 - Level 3.1 Invocations


You had 9 spell levels left.
You didn't know any spells.

Dungeon Overview and Level Annotations

Branches:
Dungeon (9/15)             Temple (1/1) D:4
   Lair: D:8-11         Orc: D:9-12

Altars:
Ashenzari
Cheibriados
Dithmenos
Elyvilon
Fedhas
Gozag
Kikubaaqudgha
Makhleb
Nemelex Xobeh
Okawaru
Pakellas
Qazlal
Ru
Sif Muna
Trog
Vehumet
Xom
Yredelemnul
Zin
The Shining One


Innate Abilities, Weirdness & Mutations

You are too large for most types of armour.
You have claws for hands.
Your metabolism is lightning-fast.
You like to eat raw meat.
You heal very quickly.
You are covered in fur (AC +1).
You have very tough skin (AC +2).


Message History

The catoblepas is severely wounded.
The catoblepas gores you!!
Your magical contamination has completely faded away.
You scratch the catoblepas but do no damage.
The catoblepas is severely wounded.
The catoblepas gores you!!
* * * LOW HITPOINT WARNING * * *
You scratch the catoblepas but do no damage.
The catoblepas is severely wounded.
The catoblepas misses you.
You scratch the catoblepas.
The catoblepas is severely wounded.
The catoblepas gores you!
* * * LOW HITPOINT WARNING * * *
Read which item? (? for menu, Esc to quit)
As you read the scroll of fear, it crumbles to dust.
You assume a fearsome visage.
The catoblepas resists with almost no effort.
The catoblepas gores you!!
You die...

....# ....# # ....# .
....# . ....###### .
..#......###############
.
..#:####................
.
..#......#####..Y#......
. ###....[...# #..@#
..... . .##......#.#
#...# .... .
........##.# #...# ... #
........##.# ##... ..
........##.# #...# #
........##.# #...#
........##.# #...#
.#########.. +.... .#


You could see a catoblepas.

Vanquished Creatures
  Prince Ribbit (D:8)
  Joseph (D:9)
  Maurice (D:8)
  A wyvern (D:8)
  Menkaure (D:4)
  A hungry ghost (D:7)
  Edmund (D:4)
  A water moccasin (D:6)
  An ice beast (D:5)
  2 orc warriors
  A sky beast (D:8)
  An eye of draining (D:9)
  6 ogres
  2 centaurs
  A big kobold (D:7)
  2 giant frogs
  2 scorpions
  3 killer bees (D:7)
  3 wights (D:6)
  A howler monkey (D:6)
  2 jellies
  A crimson imp (D:6)
  2 hounds
  A giant frog skeleton (D:8)
  3 orc priests
  A centaur skeleton (D:6)
  4 orc wizards
  4 worker ants
  5 iguanas
  A hound zombie (D:8)
  A howler monkey skeleton (D:8)
  12 adders
  9 gnolls
  3 river rats
  A shadow imp (D:7)
  3 oozes
  An adder zombie (D:6)
  5 worms
  A dart slug (D:1)
  7 giant geckos
  37 orcs
  7 giant cockroaches
  5 goblins
  9 hobgoblins
  4 jackals
  4 quokkas
  7 ball pythons
  7 bats
  4 giant newts
  A jackal skeleton (D:4)
  24 kobolds
  30 rats
239 creatures vanquished.

Vanquished Creatures (collateral kills)
  Gastronok (D:8)
  An adder (D:8)
2 creatures vanquished.

Vanquished Creatures (others)
  An orc wizard (D:8)
1 creature vanquished.

Grand Total: 242 creatures vanquished

Notes
Turn   | Place    | Note
--------------------------------------------------------------
     0 | D:1      | Chiseanne the Troll Monk began the quest for the Orb.
     0 | D:1      | Reached XP level 1. HP: 22/22 MP: 0/0
   133 | D:1      | Reached XP level 2. HP: 29/29 MP: 1/1
   776 | D:2      | Reached XP level 3. HP: 37/37 MP: 2/2
  1010 | D:2      | Found an iron altar of Okawaru.
  1011 | D:2      | Found an ancient bone altar of Kikubaaqudgha.
  1372 | D:3      | Noticed a moth of wrath
  1375 | D:3      | Found a bloodstained altar of Trog.
  1410 | D:3      | Reached XP level 4. HP: 45/45 MP: 3/3
  1715 | D:3      | Found a glowing drain.
  1727 | Sewer    | Entered a sewer
  1887 | Sewer    | Reached skill level 1 in Throwing
  1891 | Sewer    | Reached XP level 5. HP: 48/54 MP: 4/4
  2663 | D:4      | Noticed Edmund
  2679 | D:4      | Killed Edmund
  2679 | D:4      | Reached XP level 6. HP: 53/62 MP: 1/5
  2915 | D:4      | Reached XP level 7. HP: 64/71 MP: 6/6
  2922 | D:4      | Found a staircase to the Ecumenical Temple.
  2927 | Temple   | Entered the Ecumenical Temple
  2981 | Temple   | Became a worshipper of the Shining One
  2981 | Temple   | Reached * piety under the Shining One
  2981 | Temple   | Reached ** piety under the Shining One
  3148 | D:4      | Noticed Menkaure
  3161 | D:4      | Killed Menkaure
  3161 | D:4      | Reached skill level 1 in Invocations
  3491 | D:5      | Entered Level 5 of the Dungeon
  3589 | D:5      | Reached skill level 5 in Fighting
  3589 | D:5      | Reached skill level 5 in Dodging
  4003 | D:5      | Found a stormy altar of Qazlal.
  4003 | D:5      | Found an oddly glowing altar of Pakellas.
  4212 | D:6      | Reached XP level 8. HP: 80/80 MP: 7/9
  4894 | D:6      | Reached *** piety under the Shining One
  5539 | D:7      | Reached XP level 9. HP: 87/92 MP: 10/10
  6169 | D:8      | Noticed Maurice
  6179 | D:8      | Killed Maurice
  6208 | D:8      | Found a deep blue altar of Sif Muna.
  6266 | D:8      | Noticed Gastronok
  6268 | D:8      | Noticed Prince Ribbit
  6295 | D:8      | Killed Gastronok
  6295 | D:8      | Reached XP level 10. HP: 32/106 MP: 8/11
  6338 | D:8      | Killed Prince Ribbit
  6371 | D:8      | Found a shadowy altar of Dithmenos.
  7007 | D:8      | Found an opulent altar of Gozag.
  7072 | D:8      | Reached **** piety under the Shining One
  7242 | D:9      | Noticed Joseph
  7259 | D:9      | Killed Joseph
  7335 | D:9      | Noticed a catoblepas
  7357 | D:9      | Mangled by a catoblepas

Vault maps used:
D:1:      dpeg_arrival_snail
D:2:      gammafunk_temple_overflow_statue, first_bread
D:3:      tgw_trog, portal_sewer_entry_b
D:4:      temple_doors_e, uniq_menkaure, uniq_edmund
D:5:      gammafunk_temple_overflow_elements
D:8:      lemuel_doored_altar, grunt_gozag_statues, tgw_sif, grunt_ogre_cave,
          uniq_gastronok, uniq_prince_ribbit1, uniq_maurice
D:9:      uniq_joseph, uniq_erica
Temple:   circular_temple_pool_12
Sewer:    sewer_minmay_treatment

Skill      XL: |  1  2  3  4  5  6  7  8  9 10 |
---------------+-------------------------------+-----
Fighting       | 3 4 5 6 8 9 |  9.2
Dodging        | 3 4 5 6 8 9 |  9.2
Throwing       | 1 2 3 |  3.0
Invocations    | 2 3 |  3.1
Stealth        | |  1.1
Unarmed Combat | |  4.0

Action                   |  1- 3 |  4- 6 |  7- 9 | 10-12 || total
-------------------------+-------+-------+-------+-------++-------
Melee: Unarmed           |   118 |   203 |   262 |   132 ||   715
       Punch             |     2 |     7 |     7 |     3 ||    19
       Flail             |       |       |    11 |       ||    11
 Fire: Blowgun           |       |     7 |       |       ||     7
Throw: Javelin           |       |     2 |    17 |     4 ||    23
       Tomahawk          |       |       |       |     3 ||     3
Invok: Divine Shield     |       |       |     1 |     1 ||     2
Evoke: Wand              |       |       |     5 |       ||     5
  Use: Scroll            |       |     8 |     7 |     3 ||    18
       Potion            |       |       |     4 |     2 ||     6
 Stab: Sleeping          |     3 |       |       |       ||     3
  Eat: Chunk             |    17 |    13 |    35 |    18 ||    83
Armor: Robe              |    32 |     1 |       |       ||    33
       Steam dragon armo |       |    77 |    68 |    20 ||   165
Dodge: Dodged            |    60 |   142 |   140 |    73 ||   415
Block: Other             |       |       |     1 |     1 ||     2
